 Dungeon Crawl Stone Soup version 0.17-a0-1647-gb11a595 (webtiles) character file.

36 KINGKRU the Sneak (level 3, -1/45 HPs)
             Began as a Hill Orc Assassin on Aug 12, 2015.
             Was an Initiate of Dithmenos.
             Slain by a kobold (3 damage)
             ... on level 2 of the Dungeon.
             The game lasted 00:10:08 (1751 turns).

KINGKRU the Sneak (Hill Orc Assassin)               Turns: 1751, Time: 00:10:09

Health: -1/45      AC: 21    Str: 13    XL:     3   Next: 37%
Magic:  3/3        EV:  2    Int: 11    God:    Dithmenos [......]
Gold:   23         SH:  0    Dex: 13    Spells: 0 memorised, 2 levels left

rFire  . . .     SeeInvis .     b - +0 blowgun
rCold  . . .     Clarity  .     (armour currently unavailable)
rNeg   + + +     SustAt   .     (no shield)
rPois  +         Gourm    .     (helmet currently unavailable)
rElec  .         Spirit   .     (cloak currently unavailable)
rCorr  .         Warding  .     (gloves currently unavailable)
rMut   .         NoTele   +     (boots currently unavailable)
MR     .....                    (no amulet)
Stlth  +++.......               (no ring)
                                (no ring)

@: tree-form, not resistant to hostile enchantments, fairly stealthy
A: no striking features
a: Renounce Religion


You were on level 2 of the Dungeon.
You worshipped Dithmenos.
Dithmenos was noncommittal.
You were not hungry.
You were a tree.
You visited 1 branch of the dungeon, and saw 2 of its levels.

You collected 23 gold pieces.

Inventory:

Hand weapons
 a - a +2 dagger
 b - a +0 blowgun (weapon)
Missiles
 f - 2 curare-tipped needles (quivered)
Armour
 j - a +0 leather armour (melded)
Scrolls
 c - a scroll of identify {unknown}
Potions
 d - 2 potions of magic
 h - a potion of might {unknown}
 l - a potion of flight {unknown}
 m - a potion of curing {unknown}


   Skills:
 + Level 2.5 Fighting
 + Level 2.1 Short Blades
 + Level 2.2 Throwing
 + Level 0.4 Armour
 + Level 1.2 Dodging
 * Level 3.9 Stealth


You had 2 spell levels left.
You didn't know any spells.

Dungeon Overview and Level Annotations

Branches:
Dungeon (2/15)

Altars:
Dithmenos


Message History

The adder bites you but does no damage. The adder barely misses you.
The adder bites you but does no damage. The adder bites you but does no damage.
The adder bites you but does no damage.
The kobold throws a stone.
The stone hits you but does no damage. The adder bites you but does no damage.
The kobold throws a stone.
The stone hits you but does no damage. The adder bites you but does no damage.
The adder bites you.
* * * LOW HITPOINT WARNING * * *
The kobold throws a stone.
The stone hits you but does no damage. The adder bites you but does no damage.
The kobold throws a stone.
The stone hits you but does no damage.
The adder bites you but does no damage. x2
The adder bites you but does no damage. The adder bites you but does no damage.
The adder bites you but does no damage. The kobold hits you but does no damage.
The adder bites you but does no damage. x2
The kobold hits you but does no damage. The adder barely misses you.
The kobold hits you.
You die...

#......# #......# #......#
### #......# #.#
####.....§######.###
......((((§.§§†(((.#
######(#.(§§§###.#(#
#.#.§§..# #S..#
######)####### #♣..#
..............[K..........
######.#########.#.......#
#.# #......#.b# #(.......
....(#.# .#
####..........!#.#
.s....(...# # ........[.
.(...


You could see an adder and a kobold.

Vanquished Creatures
  An adder (D:2)
  2 giant cockroaches (D:2)
  4 goblins
  A hobgoblin (D:1)
  4 jackals (D:2)
  5 bats
  A giant newt (D:1)
  4 kobolds
  4 rats
26 creatures vanquished.

Vanquished Creatures (others)
  A bat (D:2)
1 creature vanquished.

Grand Total: 27 creatures vanquished

Notes
Turn   | Place    | Note
--------------------------------------------------------------
     0 | D:1      | KINGKRU the Hill Orc Assassin began the quest for the Orb.
     0 | D:1      | Reached XP level 1. HP: 18/18 MP: 1/1
   501 | D:1      | Reached XP level 2. HP: 25/25 MP: 2/2
   715 | D:2      | Found a shadowy altar of Dithmenos.
   724 | D:2      | Became a worshipper of Dithmenos the Shadowed
  1063 | D:2      | Reached XP level 3. HP: 30/30 MP: 3/3
  1104 | D:2      | Reached skill level 1 in Dodging
  1733 | D:2      | HP: 2/45 [adder (3)]
  1738 | D:2      | HP: 1/45 [adder (2)]
  1744 | D:2      | HP: 1/45 [adder (1)]
  1751 | D:2      | Slain by a kobold

Vault maps used:
D:1:      roderic_crossed_star
D:2:      old_standard_altar, old_standard_altar, xom_teletrap_fun

Action                   || total
-------------------------++-------
Melee: Dagger            ||    80
 Fire: Blowgun           ||    12
  Use: Scroll            ||     4
       Potion            ||     2
 Stab: Sleeping          ||     3
       Distracted        ||     1
  Eat: Bread ration      ||     1
